 Dungeon Crawl Stone Soup version 0.24.0-123-gd5b16e6ec5 (webtiles) character file.

Game seed: 3869653500211620431, levelgen mode: deterministic

1405 McKennaii the Destroyer (level 8, 0/59 HPs)
             Began as a Yellow Draconian Conjurer on Jan 25, 2020.
             Was an Initiate of Sif Muna.
             Engulfed by an orc wizard's steam (8 damage)
             ... on level 6 of the Dungeon.
             The game lasted 00:14:04 (6268 turns).

McKennaii the Destroyer (Yellow Draconian Conjurer) Turns: 6268, Time: 00:14:05

Health: 0/59       AC:  8    Str: 10    XL:     8   Next: 42%
Magic:  3/17       EV: 13    Int: 17    God:    Sif Muna [......]
Gold:   268        SH:  0    Dex: 13    Spells: 14/19 levels left

rFire    . . .     SeeInvis .   q - +1 dagger (venom)
rCold    . . .     Gourm    .   (no shield)
rNeg     . . .     Faith    .   (armour unavailable)
rPois    .         Spirit   .   (helmet restricted)
rElec    .         Reflect  .   d - +0 cloak
rCorr    +         Harm     .   (no gloves)
MR       .....                  e - +0 pair of boots
Stlth    +.........             (no amulet)
HPRegen  0.19/turn              (no ring)
MPRegen  0.15/turn              (no ring)

@: confused, very slow
A: spit acid, unfitting armour, cold-blooded, acid resistance, AC +6
a: Breathe Acid, Renounce Religion


You were on level 6 of the Dungeon.
You worshipped Sif Muna.
Sif Muna was noncommittal.
You were not hungry.

You visited 2 branches of the dungeon, and saw 7 of its levels.

You collected 268 gold pieces.

Inventory:

Hand Weapons
 q - a +1 dagger of venom (weapon)
Armour
 d - a +0 cloak (worn)
 e - a +0 pair of boots (worn)
 h - a scarf of cloud immunity
Wands
 l - a wand of paralysis (9)
 p - a wand of digging (9)
Scrolls
 a - 2 scrolls of teleportation {unknown}
 c - a scroll of fog {unknown}
 f - 2 scrolls of fear {unknown}
 g - a scroll of random uselessness {unknown}
 j - a scroll of magic mapping {unknown}
 m - 4 scrolls of blinking {unknown}
 n - a scroll of noise {unknown}
 o - 6 scrolls of identify {unknown}
 s - a scroll of enchant armour {unknown}
Potions
 i - 3 potions of lignification
 k - a potion of might {unknown}
 r - a potion of haste
 t - 2 potions of flight
 u - 3 potions of curing
 v - a potion of ambrosia
 w - a potion of cancellation {unknown}
 x - a potion of mutation {unknown}
Comestibles
 b - 11 rations


   Skills:
 + Level 1.6 Fighting
 + Level 3.4 Dodging
 + Level 3.0 Stealth
 + Level 6.1 Spellcasting
 + Level 8.0 Conjurations


You had 14 spell levels left.
You knew the following spells:

 Your Spells              Type           Power        Failure   Level  Hunger
a - Magic Dart            Conj           ####         1%          1    None
c - Iskenderun's Mystic   Conj           ####....     4%          4    ####...

Your spell library contained the following spells:

 Spells                   Type           Power        Failure   Level  Hunger
 Searing Ray              Conj           ####..       1%          2    None
 Dazzling Spray           Conj/Hex       ###...       8%          3    ##.....
 Force Lance              Conj/Tloc      ###.....     24%         4    ####...
 Fulminant Prism          Conj/Hex       ###.......   24%         4    ####...


Dungeon Overview and Level Annotations

Branches:
Dungeon (6/15)             Temple (1/1) D:5

Altars:
Cheibriados
Dithmenos
Fedhas
Gozag
Hepliaklqana
Kikubaaqudgha
Nemelex Xobeh
Okawaru
Qazlal
Ru
Sif Muna
Trog
Uskayaw
Vehumet
Wu Jian
Xom
Zin
The Shining One

Portals:
Sewer: D:6


Innate Abilities, Weirdness & Mutations

You can spit globs of acid.
Your golden yellow scales are hard. (AC +6)
You cannot fit into any form of body armour.
You are cold-blooded and may be slowed by cold attacks.
You are resistant to acid. (rCorr)


Message History

Sif Muna accepts your kill. The orc hits you with a +0 hand axe.
The orc wizard points at you and mumbles some strange words.
The puff of flame hits you. The orc closely misses you.
The orc wizard barely misses you. The orc barely misses you.
You see here a rat corpse.
You hit the orc wizard but do no damage.
Your tail-slap misses the orc wizard.
You are engulfed in a cloud of scalding steam.
* * * LOW HITPOINT WARNING * * *
The orc hits you with a +0 hand axe!
* * * LOW HITPOINT WARNING * * *
The orc wizard hits you with a +0 dagger.
* * * LOW HITPOINT WARNING * * *
The orc splashes around in the water.
It was a potion of ambrosia.
You are confused.
You feel invigorated.
You are engulfed in a cloud of scalding steam.
You die...

...# #...........
...#######...........
...'....##.........o.
...####.##...........
...# #.##.........o.
...# #.##.........#.
#### #.# #........o.
#.# #..'#####....#
#.# #..#≈o@≈#....#
#.# #..#≈oo≈#..).#
#.# ##.#≈≈∩≈#....#
###.# #.#≈≈≈≈#....#
#...# #.#≈≈≈≈#....#
#.### #.######....#
#.# #........#+ #.#
##.......$.# #.#
#.#########


You could see an orc wizard and 2 orcs.

Vanquished Creatures
  Sigmund (D:3)
  2 ice beasts
  A phantom (D:4)
  An ogre (D:4)
  Blork the orc (D:5)
  A bullfrog (D:6)
  A howler monkey (D:5)
  2 orc priests
  Crazy Yiuf (D:2)
  2 hounds (D:4)
  3 orc wizards
  Natasha (thrice) (D:4)
  5 worker ants
  A hound zombie (D:5)
  A worker ant zombie (D:5)
  A howler monkey skeleton (D:5)
  A river rat (D:6)
  11 adders
  3 gnolls (D:4)
  An ooze (D:1)
  A worm (D:3)
  3 dart slugs
  4 leopard geckos
  19 orcs
  A ball python (D:3)
  9 giant cockroaches
  9 goblins
  7 hobgoblins
  3 jackals (D:3)
  8 kobolds
  9 bats
  7 frilled lizards
  A leopard gecko skeleton (D:4)
  A leopard gecko zombie (D:5)
  A quokka skeleton (D:5)
  11 rats
137 creatures vanquished.

Notes
Turn   | Place    | Note
-------+----------+-------------------------------------------
     0 | D:1      | McKennaii the Draconian Conjurer began the quest for the
                  | Orb.
     0 | D:1      | Reached XP level 1. HP: 14/14 MP: 3/3
   186 | D:1      | Reached XP level 2. HP: 16/20 MP: 0/5
   779 | D:1      | Reached XP level 3. HP: 26/26 MP: 1/6
  1132 | D:2      | Reached skill level 5 in Conjurations
  1314 | D:2      | Found a runed translucent door.
  1315 | D:2      | Noticed Crazy Yiuf
  1619 | D:2      | Reached XP level 4. HP: 33/33 MP: 3/7
  1864 | D:2      | Killed Crazy Yiuf
  2185 | D:3      | Found a faded altar of an unknown god.
  2304 | D:3      | Found a shimmering altar of Xom.
  2385 | D:3      | Found a hazy altar of Hepliaklqana.
  2385 | D:3      | Noticed a wyvern
  2386 | D:3      | Noticed a wyvern
  2386 | D:3      | Noticed a spectral ugly thing
  2616 | D:3      | Reached XP level 5. HP: 38/38 MP: 2/9
  2735 | D:3      | Noticed Sigmund
  2830 | D:3      | Learned a level 4 spell: Iskenderun's Mystic Blast
  3080 | D:3      | Killed Sigmund
  3080 | D:3      | Reached skill level 6 in Conjurations
  3080 | D:3      | Reached XP level 6. HP: 46/46 MP: 9/11
  3883 | D:4      | Reached skill level 1 in Fighting
  3883 | D:4      | Your scales start taking on a golden yellow colour.
  3883 | D:4      | Reached XP level 7. HP: 36/52 MP: 1/13
  3883 | D:4      | Gained mutation: You are resistant to acid. (rCorr) [Yellow
                  | Draconian growth]
  4350 | D:4      | Noticed Natasha
  4361 | D:4      | Killed Natasha
  4524 | D:4      | Reached skill level 7 in Conjurations
  4608 | D:4      | Noticed Natasha
  4636 | D:4      | Killed Natasha
  4686 | D:4      | Noticed Natasha
  4691 | D:4      | Killed Natasha
  4798 | D:5      | Entered Level 5 of the Dungeon
  4805 | D:5      | Reached skill level 5 in Spellcasting
  4842 | D:5      | Found a glowing silver altar of Zin.
  4844 | D:5      | Found a blossoming altar of Fedhas.
  4904 | D:5      | Found a staircase to the Ecumenical Temple.
  4904 | D:5      | Noticed Blork the orc
  4914 | D:5      | Killed Blork the orc
  4930 | Temple   | Entered the Ecumenical Temple
  5027 | Temple   | Became a worshipper of Sif Muna the Loreminder
  5050 | D:5      | Reached XP level 8. HP: 59/59 MP: 9/16
  5754 | D:5      | Found a shimmering blue altar of Sif Muna.
  6109 | D:6      | Reached skill level 8 in Conjurations
  6219 | D:6      | Found a glowing drain.
  6268 | D:6      | Engulfed by an orc wizard's steam

Levels and vault maps discovered:
D:1:      dpeg_arrival_rhombus, layout_loops_ring, minmay_hedge_maze,
          minmay_ruptured
D:2:      layout_loops_ring, uniq_crazy_yiuf_cottage
D:3:      layout_loops_ring, regret_index_temple_of_mockery,
          chequers_ecumenical_altar_lobes, uniq_sigmund
D:4:      layout_basic, serial_glass, glass_columns_b, glass_columns_a,
          glass_columns_c, uniq_natasha
D:5:      layout_basic, grunt_temple_overflow_open, minmay_temple_entry_ruins,
          first_ration, led_sif_pool, uniq_blork_the_orc
D:6:      layout_basic, serial_shops, kennysheep_little_box,
          portal_sewer_entry_c, supply_closet_lemuel,
          nicolae_tso_carved_into_rock
Temple:   zaba_magenta_temple

Skill      XL: |  1  2  3  4  5  6  7  8 |
---------------+-------------------------+-----
Dodging        | 2 3 |  3.4
Conjurations   | 5 6 7 8 |  8.0
Stealth        | 2 3 |  3.0
Spellcasting   | 3 4 5 6 |  6.1
Fighting       | 1 |  1.6

Action                   |  1- 3 |  4- 6 |  7- 9 || total
-------------------------+-------+-------+-------++-------
Melee: Unarmed           |    29 |       |       ||    29
       Dagger            |     3 |    38 |    48 ||    89
       Tailslap          |     2 |       |     5 ||     7
 Cast: Magic Dart        |    77 |   123 |   179 ||   379
 Abil: Breathe Acid      |       |       |     1 ||     1
  Use: Potion            |       |     6 |     1 ||     7
  Eat: Chunk             |     3 |     8 |     7 ||    18
Armor: Skin              |     9 |     9 |    39 ||    57
Dodge: Dodged            |    22 |    26 |    59 ||   107
